AoeStats
← Blazing Cartesia, The Virtuous

Golden Pit

507652701Analyzed
1v1 RM · 13d ago on Sep 19, 2026· 27m 45s· 2 players
Game mode
Random Map
Map size
Tiny (2 player)
Population
200
Speed
Normal
Resources
Standard
Victory
Conquest
Starting age
Dark Age
Ending age
Imperial Age
RankedLock teamsTeams togetherTeam positionsShared explorationLock speedFull tech treeHidden civsTurbo modeCheats
Victory
Defeat
🇨🇳 Teutons · China
1118
+18
1151
-18
177797529
4:13 Loom
9:51 Feudal Age
10:38 Town Watch
10:52 Double-Bit Axe
12:05 Fletching
21:07 Stone Mining
24:12 Castle Age
24:29 Forging
24:13 Horse Collar
26:29 Bodkin Arrow
Blazing Cartesia, The Virtuous
7:56 Loom
10:26 Feudal Age
10:33 Man-at-Arms
15:29 Double-Bit Axe
15:50 Long Swordsman
16:40 Stone Mining
16:50 Fletching
24:16 Castle Age
24:32 Two-Handed Swordsman
27:08 Forging
Connection lost

Rejoining the realm…

Still unreachable

The connection could not be restored.

Session expired

The server has moved on; the page needs a fresh start.